 Dungeon Crawl Stone Soup version 0.18-a0-1797-gc18daef (webtiles) character file.

772 M4edhros the Covert (level 7, 0/43 HPs)
             Began as an Octopode Artificer on Apr 23, 2016.
             Was an Initiate of Ashenzari.
             Succumbed to M4edhros's ghost's poison
             ... on level 5 of the Dungeon.
             The game lasted 00:08:19 (1621 turns).

M4edhros the Covert (Octopode Artificer)            Turns: 1621, Time: 00:08:20

Health: 0/43       AC:  6    Str: 15    XL:     7   Next: 83%
Magic:  2/9        EV: 16    Int: 14    God:    Ashenzari [......]
Gold:   114        SH:  0    Dex: 15    Spells: 0 memorised, 6 levels left

rFire  . . .     SeeInvis .     a - +0 short sword
rCold  . . .     Gourm    .     (no shield)
rNeg   . . .     Faith    .     (helmet restricted)
rPois  +         Spirit   +     r - amulet of guardian spirit
rElec  .         Dismiss  .     e - +5 ring of protection (curse)
rCorr  .         Reflect  .     x - ring of poison resistance
SustAt .         Harm     .     (no ring)
MR     .....                    (no ring)
Stlth  +++++.....               (no ring)
                                (no ring)
                                (no ring)
                                (no ring)

@: mighty, lethally poisoned (0 -> -9), flying, very slightly contaminated,
hasted, very quick, not resistant to hostile enchantments, quite stealthy
A: almost no armour, amphibious, 8 rings, constrict 8, camouflage 1, gelatinous
body 1
a: Curse Item, Renounce Religion


You were on level 5 of the Dungeon.
You worshipped Ashenzari.
Ashenzari was noncommittal.
You were hungry.

You visited 2 branches of the dungeon, and saw 6 of its levels.

You collected 114 gold pieces.

Inventory:

Hand Weapons
 a - a +0 short sword (weapon)
 k - a +0 hunting sling
Missiles
 p - 67 stones (quivered)
 s - 12 sling bullets
Jewellery
 e - a cursed +5 ring of protection (left tentacle)
 m - an uncursed amulet of harm
 r - an amulet of guardian spirit (around mantle)
 x - a ring of poison resistance (right tentacle)
Wands
 b - a wand of flame (11/48)
 c - a wand of enslavement (15/24)
 d - a wand of random effects (15/48)
 l - a wand of slowing (7/48)
Scrolls
 g - 2 scrolls of teleportation {unknown}
 h - a scroll of fear {unknown}
 i - a scroll of noise {unknown}
 j - a scroll of recharging {unknown}
 q - a scroll of enchant armour {unknown}
 w - a scroll of blinking {unknown}
 y - a scroll of identify
 B - a scroll of magic mapping {unknown}
Potions
 v - a potion of might
 A - a potion of brilliance
Comestibles
 f - 6 bread rations
 n - 2 fruits
 u - a meat ration


   Skills:
 - Level 1.0 Fighting
 - Level 1.0 Short Blades
 + Level 6.3 Dodging
 - Level 8.5 Stealth
 - Level 3.2 Evocations


You had 6 spell levels left.
You didn't know any spells.

Dungeon Overview and Level Annotations

Branches:
Dungeon (5/15)             Temple (1/1) D:5

Altars:
Ashenzari
Elyvilon
Makhleb
Okawaru
Pakellas
Qazlal
Trog
Vehumet
Yredelemnul
Lugonu

Annotations:
D:3 M4edhros's ghost, weakling OpAr
D:5 M4edhros's ghost, novice OpNe


Innate Abilities, Weirdness & Mutations

You cannot wear most types of armour.
You are amphibious.
You can wear up to eight rings at the same time.
You can use your tentacles to constrict eight enemies at once.
Your skin changes colour to match your surroundings (Stealth).
Your rubbery body absorbs attacks (AC +1).


Message History

* * * LOW HITPOINT WARNING * * *
You feel sick. M4edhros's ghost casts a spell at you.
Pain shoots through your body!
* * * LOW HITPOINT WARNING * * *
You are very lightly contaminated with residual magic.
Unknown command.
Drink which item? (? for menu, Esc to quit)
It was a potion of flight.
You feel very buoyant.
You fly up into the air.
* * * LOW HITPOINT WARNING * * *
You feel sick.
Read which item? (? for menu, Esc to quit)
Okay, then.
Evoke which item? (* to show all) (? for menu, Esc to quit)
Okay, then.
Okay, then.
M4edhros's ghost shrieks, "To die, to sleep, no more."
You die...

..##.......#.######.#
...#.......# #.#
...#...###.# ## #.#
...#...###'###. #.#
##.#...#.....#.####.#
##.#...#.⌠.⌠.#....#.#
##.#...'..>..'..#.#.#
.#.....#.⌠.⌠.#....#.#
..##...#.....#..@.#.#
...#...###'###....#.#######
....##.....# #...W.........
........#.##.#......#######
.............#.#....#
...........^#........
.........##.#.######.#
.........#......... ..
.........# #......# #.####


You could see M4edhros's ghost.

Vanquished Creatures
  Menkaure (D:4)
  A black bear (D:3)
  An ice beast (D:5)
  2 ogres (D:4)
  A crimson imp (D:5)
  A giant frog zombie (D:5)
  A jelly (D:5)
  An iguana (D:5)
  Ijyb (D:2)
  A worker ant (D:4)
  6 adders
  An ooze (D:3)
  3 worms
  A dart slug (D:2)
  3 giant geckos
  4 bats
  2 giant cockroaches
  10 goblins
  3 hobgoblins
  6 jackals
  2 giant newts
  6 kobolds
  5 rats
63 creatures vanquished.

Notes
Turn   | Place    | Note
--------------------------------------------------------------
     0 | D:1      | M4edhros the Octopode Artificer began the quest for the Orb.
     0 | D:1      | Reached XP level 1. HP: 13/13 MP: 3/3
    14 | D:1      | Reached skill level 2 in Stealth
    49 | D:2      | Found a radiant altar of Vehumet.
    80 | D:3      | Noticed M4edhros's ghost (weakling OpAr)
   107 | D:2      | Reached skill level 3 in Stealth
   107 | D:2      | Reached XP level 2. HP: 14/18 MP: 4/4
   194 | D:2      | Noticed Ijyb
   214 | D:2      | Killed Ijyb
   214 | D:2      | Reached skill level 4 in Stealth
   214 | D:2      | Reached XP level 3. HP: 20/23 MP: 5/5
   226 | D:2      | Reached skill level 5 in Stealth
   266 | D:2      | Noticed a centaur
   295 | D:2      | Reached XP level 4. HP: 28/28 MP: 6/6
   366 | D:2      | Found a burning altar of Makhleb.
   532 | D:3      | Reached skill level 6 in Stealth
   620 | D:4      | Reached XP level 5. HP: 16/33 MP: 5/7
   636 | D:3      | Noticed a black bear
   648 | D:3      | Killed a black bear
   648 | D:3      | Reached skill level 8 in Stealth
   690 | D:2      | Reached XP level 6. HP: 24/38 MP: 6/8
   850 | D:1      | You fall through a shaft!
  1373 | D:4      | Noticed Menkaure
  1384 | D:4      | Killed Menkaure
  1384 | D:4      | Reached skill level 5 in Dodging
  1384 | D:4      | Reached XP level 7. HP: 30/43 MP: 6/9
  1396 | D:5      | Entered Level 5 of the Dungeon
  1438 | D:5      | Noticed M4edhros's ghost (novice OpNe)
  1499 | D:5      | Found a staircase to the Ecumenical Temple.
  1508 | Temple   | Entered the Ecumenical Temple
  1543 | Temple   | Became a worshipper of Ashenzari the Shackled
  1617 | D:5      | HP: 2/43 [M4edhros's ghost/nerve-wracking pain (8)]
  1621 | D:5      | Succumbed to M4edhros's ghost's poison

Vault maps used:
D:1:      scummos_arrival_hexagon, minmay_splitting_lines,
          minmay_misc_feat_pillars
D:2:      kennysheep_the_goblin_king, fiery_altar_vehumet,
          grunt_dithmenos_smoke, tgw_xom, nicolae_overflow_hidden_temple,
          lightli_corner_chamber
D:3:      nrook_mini_backslash, uniq_jessica, uniq_sigmund
D:4:      minmay_stone_trees_small, hangedman_decor_lopped, uniq_menkaure
D:5:      minmay_temple_entry_hall, first_bread, st_stairs_3
Temple:   corrupted_temple

Skill      XL: |  1  2  3  4  5  6  7 |
---------------+----------------------+-----
Stealth        | 3 4 5 6 8 |  8.5
Dodging        | 5 6 |  6.3
Fighting       | |  1.0
Short Blades   | |  1.0
Evocations     | |  3.2

Action                   |  1- 3 |  4- 6 |  7- 9 || total
-------------------------+-------+-------+-------++-------
Melee: Short sword       |    41 |    89 |    23 ||   153
       Constrict         |    14 |    21 |     2 ||    37
       Tentacles         |     7 |    15 |     8 ||    30
Invok: Curse Item        |       |       |     1 ||     1
Evoke: Wand              |       |     6 |       ||     6
  Use: Potion            |       |     3 |     3 ||     6
       Scroll            |       |     3 |       ||     3
 Stab: Sleeping          |     4 |    15 |     4 ||    23
       Distracted        |       |       |     1 ||     1
  Eat: Chunk             |       |     2 |       ||     2
Armor: Skin              |    13 |    15 |     2 ||    30
Dodge: Dodged            |    27 |    42 |     7 ||    76
